 Dungeon Crawl Stone Soup version 0.19-a0-1091-g463c9de (webtiles) character file.

693 mistymad the Gusty (level 7, 0/38 HPs)
             Began as a Tengu Air Elementalist on Aug 7, 2016.
             Was an Initiate of Sif Muna.
             Slain by a slave (3 damage)
             ... led by Pikel
             ... on level 5 of the Dungeon.
             The game lasted 00:22:28 (6538 turns).

mistymad the Gusty (Tengu Air Elementalist)         Turns: 6538, Time: 00:22:28

Health: 0/38       AC:  7    Str:  9    XL:     7   Next: 64%
Magic:  11/13      EV:  7    Int: 17    God:    Sif Muna [......]
Gold:   292        SH:  0    Dex: 14    Spells: 4 memorised, 4 levels left

rFire  . . .     SeeInvis .     u - +3 whip
rCold  . . .     Gourm    .     a - +0 robe
rNeg   . . .     Faith    .     (no shield)
rPois  .         Spirit   .     D - +2 hat
rElec  +         Dismiss  .     (no cloak)
rCorr  .         Reflect  .     E - +0 pair of gloves
SustAt .         Harm     .     (boots unavailable)
MR     .....                    (no amulet)
Stlth  ++........               (no ring)
                                (no ring)

@: swift, repel missiles, quick
A: beak, talons 3, slimy green scales 1, low mp 1, electricity resistance, able
to fly 1
a: Fly, Renounce Religion


You were on level 5 of the Dungeon.
You worshipped Sif Muna.
Sif Muna was noncommittal.
You were very hungry.

You visited 2 branches of the dungeon, and saw 8 of its levels.

You collected 292 gold pieces.

Inventory:

Hand Weapons
 u - a +3 whip (weapon)
Missiles
 y - 2 throwing nets (quivered)
Armour
 a - a +0 robe (worn)
 D - a +2 hat (worn)
 E - a +0 pair of gloves (worn)
Jewellery
 t - an uncursed ring of ice
Wands
 x - a wand of teleportation (4/9)
 C - a wand of paralysis (14/24)
Scrolls
 e - 2 scrolls of identify {unknown}
 j - 3 scrolls of teleportation {unknown}
 k - 3 scrolls of noise {unknown}
 m - a scroll of recharging {unknown}
 o - a scroll of immolation {unknown}
 q - 5 scrolls of remove curse {unknown}
 r - a scroll of enchant weapon {unknown}
 s - 2 scrolls of magic mapping {unknown}
 v - a scroll of blinking {unknown}
 w - a scroll of random uselessness {unknown}
 A - a scroll of enchant armour {unknown}
Potions
 d - a potion of mutation
 h - a potion of heal wounds {unknown}
 l - 4 potions of curing
 n - a potion of haste {unknown}
 p - a potion of invisibility {unknown}
 B - a potion of brilliance {unknown}
Books
 b - a book of Air

   Spells                             Type                      Level
   a - Shock                          Conjuration/Air              1
   b - Swiftness                      Charms/Air                   2
   c - Repel Missiles                 Charms/Air                   2
   d - Static Discharge               Conjuration/Air              3
   e - Lightning Bolt                 Conjuration/Air              5
Comestibles
 c - 3 bread rations
 f - a meat ration
 i - a fruit
 z - a slice of pizza


   Skills:
 + Level 1.1 Fighting
 - Level 2.1 Dodging
 - Level 2.0 Stealth
 + Level 4.2 Spellcasting
 + Level 6.3 Conjurations
 + Level 7.4 Air Magic


You had 4 spell levels left.
You knew the following spells:

 Your Spells              Type           Power        Failure   Level  Hunger
a - Shock                 Conj/Air       ####         1%          1    None
b - Repel Missiles        Chrm/Air       ###...       6%          2    ##.....
c - Swiftness             Chrm/Air       ###.....     6%          2    ##.....
d - Lightning Bolt        Conj/Air       ####......   30%         5    ######.


Dungeon Overview and Level Annotations

Branches:
Dungeon (7/15)             Temple (1/1) D:5

Altars:
Ashenzari
Cheibriados
Dithmenos
Elyvilon
Fedhas
Gozag
Kikubaaqudgha
Makhleb
Nemelex Xobeh
Okawaru
Pakellas
Qazlal
Sif Muna
Trog
Uskayaw
Vehumet
Xom
Yredelemnul
Zin
The Shining One

Shops:
D:6 }

Annotations:
D:6 Pikel


Innate Abilities, Weirdness & Mutations

You have a beak for a mouth.
You have claws for feet.
You can fly.
You are partially covered in slimy green scales. (AC +2)
Your magical capacity is low. (-10% MP)
You are resistant to electric shocks. (rElec)


Message History

You take 1 damage, and have 9/38 hp.
Casting: Lightning Bolt
Confirm with . or Enter, or press ? or * to list all spells.
You're already repelling missiles.
Casting: Repel Missiles
Confirm with . or Enter, or press ? or * to list all spells.
You feel quick.
You are feeling very hungry.
The ogre barely misses you. The slave hits you.
* * * LOW HITPOINT WARNING * * *
You take 2 damage, and have 7/38 hp.
You now have 11/13 mp.
Unknown command.
You closely miss the ogre. You claw the ogre.
The ogre is lightly wounded.
The slave misses you.
The ogre hits you with a giant spiked club.
* * * LOW HITPOINT WARNING * * *
You take 4 damage, and have 3/38 hp.
The slave hits you.
You die...

.#
#.....###.#..##.######........
รท#
#...........#.#.#.............
.#
#.....###.#.........O.........
.# #.....#
#.......#............. .#
#.....# ###...########......(.
.######### ###.# #........
.......# #.# #...#####
.#####(# #p# #S..#
.#####.##### #@# ....#
.##........# #O# ###..#
.##.##.###.#####.# ...# ...
#.# #.......# .... .. ..#
######### .... ## #### .....


You could see an ogre and a slave.

Vanquished Creatures
  A centaur (D:5)
  A scorpion (D:4)
  A howler monkey (D:4)
  2 hounds (D:4)
  A centaur skeleton (D:4)
  An orc priest (D:6)
  4 orc wizards
  An iguana (D:4)
  3 worker ants
  Ijyb (D:3)
  A gnoll (D:3)
  4 adders
  An ooze (D:2)
  2 worms (D:2)
  A dart slug (D:1)
  3 giant geckos
  9 orcs
  6 giant cockroaches
  18 goblins
  10 hobgoblins
  5 jackals (D:3)
  10 kobolds
  5 quokkas
  A ball python (D:4)
  9 bats
  4 giant newts
  13 rats
118 creatures vanquished.

Notes
Turn   | Place    | Note
-------+----------+-------------------------------------------
     0 | D:1      | mistymad the Tengu Air Elementalist began the quest for the Orb.
     0 | D:1      | Reached XP level 1. HP: 10/10 MP: 4/4
   117 | D:1      | Reached XP level 2. HP: 15/15 MP: 3/6
   734 | D:1      | Reached XP level 3. HP: 19/19 MP: 5/7
  1072 | D:2      | Learned a level 2 spell: Repel Missiles
  1100 | D:2      | Learned a level 2 spell: Swiftness
  1967 | D:2      | Reached XP level 4. HP: 24/24 MP: 1/8
  2247 | D:3      | Reached skill level 5 in Air Magic
  2850 | D:3      | Noticed Ijyb
  2919 | D:3      | Killed Ijyb
  3067 | D:3      | Gained mutation: You can fly. [Tengu growth]
  3067 | D:3      | Reached XP level 5. HP: 28/28 MP: 6/10
  3472 | D:3      | Found an iron altar of Okawaru.
  3785 | D:4      | Found a bloodstained altar of Trog.
  3965 | D:4      | Reached XP level 6. HP: 20/32 MP: 6/12
  4120 | D:4      | Reached skill level 6 in Air Magic
  4126 | D:4      | Found a sparkling altar of Nemelex Xobeh.
  4198 | D:4      | Reached skill level 5 in Conjurations
  5132 | D:4      | Reached XP level 7. HP: 36/36 MP: 9/13
  5150 | D:5      | Entered Level 5 of the Dungeon
  5150 | D:5      | Found a staircase to the Ecumenical Temple.
  5157 | Temple   | Entered the Ecumenical Temple
  5165 | Temple   | Became a worshipper of Sif Muna the Loreminder
  5523 | D:4      | Learned a level 5 spell: Lightning Bolt
  5632 | D:5      | Reached skill level 7 in Air Magic
  5949 | D:6      | Found Macs's Quality Used Wands.
  5966 | D:6      | Reached skill level 1 in Fighting
  6211 | D:6      | Noticed Pikel
  6370 | D:6      | Gained mutation: You are partially covered in slimy green scales. (AC +2) [potion of mutation]
  6370 | D:6      | Gained mutation: You are resistant to electric shocks. (rElec) [potion of mutation]
  6370 | D:6      | Gained mutation: Your magical capacity is low. (-10% MP) [potion of mutation]
  6538 | D:5      | Slain by a slave

Vault maps used:
D:1:      eino_arrival_tree_alley
D:3:      kennysheep_goblin_castle, okawaru_altar_gauntlet_db
D:4:      old_standard_altar, trog_butcher_becter
D:5:      gammafunk_temple_overflow_elements, serial_shops, shop, first_bread
D:6:      serial_shops, shop, basic_altar, nicolae_for_you_no_charge,
          uniq_eustachio, uniq_pikel, uniq_duvessa
Temple:   nicolae_temple_no_exploring_needed

Skill      XL: |  1  2  3  4  5  6  7 |
---------------+----------------------+-----
Conjurations   | 2 3 4 5 6 |  6.3
Air Magic      | 5 6 7 |  7.4
Spellcasting   | 3 4 |  4.2
Fighting       | 1 |  1.1
Dodging        | |  2.1
Stealth        | |  2.0

Action                   |  1- 3 |  4- 6 |  7- 9 || total
-------------------------+-------+-------+-------++-------
Melee: Whip              |     2 |     3 |     7 ||    12
       Kick              |     2 |     1 |     2 ||     5
       Peck              |     1 |     2 |       ||     3
 Cast: Shock             |   104 |   139 |    38 ||   281
       Swiftness         |     1 |       |     3 ||     4
       Repel Missiles    |     1 |       |     1 ||     2
  Use: Potion            |       |       |     3 ||     3
 Stab: Sleeping          |       |     1 |       ||     1
  Eat: Chunk             |     5 |    10 |     3 ||    18
       Pizza             |       |       |     1 ||     1
Armor: Robe              |     1 |    13 |    10 ||    24
Dodge: Dodged            |     5 |    48 |    26 ||    79
       Deflected         |       |     5 |       ||     5
